 Seeded DCSS version 0.28.0-47-ge53b351184 (webtiles) character file.

Game seed: 9133272994031974299 (custom seed)

569 NinjaNoafa the Cudgeller (level 7, -3/64 HPs)
             Began as a Minotaur Monk on May 2, 2022.
             Slain by Menkaure (15 damage)
             ... on level 6 of the Dungeon.
             The game lasted 00:05:23 (4644 turns).

NinjaNoafa the Cudgeller (Minotaur Monk)            Turns: 4644, Time: 00:05:23

Health: -3/64      AC: 11    Str: 16 (17) XL:     7   Next: 11%
Magic:  6/6        EV: 11    Int:  5 (7)  God:
Gold:   167        SH:  0    Dex: 12 (13) Spells: 6/6 levels left

rFire   . . .      SeeInvis .   f - +0 whip (elec)
rCold   . . .      Faith    +   (no shield)
rNeg    + . .      Spirit   .   c - +0 scale mail
rPois   .          Reflect  .   (helmet restricted)
rElec   .          Harm     .   (no cloak)
rCorr   .          Rampage  .   (no gloves)
Will    .....                   (no boots)
Stlth   +.........              e - amulet of faith
HPRegen 0.20/turn               b - ring of positive energy
MPRegen 0.10/turn               j - +4 ring of protection

@: studying Long Blades
A: horns 2, retaliatory headbutt, sturdy frame 1
a: no special abilities


You were on level 6 of the Dungeon.
You visited 1 branch of the dungeon, and saw 5 of its levels.

You collected 167 gold pieces.

Inventory:

Hand Weapons
 f - a +0 whip of electrocution (weapon)
Armour
 c - a +0 scale mail (worn)
Jewellery
 b - a ring of positive energy (left hand)
 e - an amulet of faith (around neck)
 j - a +4 ring of protection (right hand)
Scrolls
 g - 2 scrolls of fog
 h - a scroll of holy word
 k - 2 scrolls of silence


   Skills:
 + Level 6.3 Fighting
 + Level 6.4 Maces & Flails
 + Level 5.0 Armour
 - Level 3.2 Dodging
 - Level 1.5 Stealth


You had 6 spell levels left.
You didn't know any spells.
Your spell library contained the following spells:

 Spells                   Type           Power      Damage    Failure   Level
 Summon Small Mammal      Summ           0%         N/A       75%         1
 Sublimation of Blood     Necr           0%         N/A       86%         2
 Call Canine Familiar     Summ           0%         N/A       98%         3
 Stone Arrow              Conj/Erth      0%         3d7       98%         3
 Summon Guardian Golem    Hex/Summ       0%         N/A       98%         3
 Tukima's Dance           Hex            0%         N/A       98%         3
 Animate Armour           Summ/Erth      0%         N/A       100%        4
 Passage of Golubria      Tloc           0%         N/A       100%        4
 Petrify                  Tmut/Erth      0%         N/A       100%        4
 Irradiate                Conj/Tmut      0%         3d13      100%        5
 Yara's Violent Unravell  Hex/Tmut       0%         3d3       100%        5
 Lehudib's Crystal Spear  Conj/Erth      0%         10d2      100%        8


Dungeon Overview and Level Annotations

Branches:
Dungeon (4/15)
 Temple: D:4-7

Altars:
Fedhas

Annotations:
D:2 1 runed translucent door, Crazy Yiuf
D:3 2 runed translucent doors, Zeld's ghost, amateur GrFi
D:4 1 runed translucent door, AlmostDecent's ghost, amateur OgBe
D:6 Menkaure


Innate Abilities, Weirdness & Mutations

You have a pair of horns on your head.
You reflexively headbutt those who attack you in melee.
Your movements are slightly less encumbered by armour. (ER -2)


Message History

The orc warrior hits you from afar with a +0 trident!
* * * LOW HITPOINT WARNING * * *
The orc warrior hits you but does no damage.
Your transformation is almost over.
The orc warrior hits you but does no damage.
The orc warrior hits you from afar with a +0 trident.
* * * LOW HITPOINT WARNING * * *
The orc warrior hits you but does no damage.
The orc warrior hits you but does no damage.
The orc warrior hits you from afar with a +0 trident.
* * * LOW HITPOINT WARNING * * *
You kill the orc warrior!
You hear some strange, mumbled words.
Something tries to affect you, but you resist.
You feel your intelligence returning.
Your Armour skill increases to level 5!
You have reached level 7!
You cannot move.
You cannot move.
The orc wizard mumbles some strange words.
The orc wizard flickers and vanishes!
Something hits you but does no damage. x2
Something hits you.
* * * LOW HITPOINT WARNING * * *
You feel less wooden.
Your +0 scale mail unmelds from your body.
You hear some strange, mumbled words.
A puff of flame appears from out of thin air!
The puff of flame misses you.
You hit something but do no damage.
Something hits you but does no damage. x2
Found a stone staircase leading up.
You hear some strange, mumbled words.
A magic dart appears from out of thin air!
The magic dart hits something!
A magic dart appears from out of thin air!
The magic dart hits something.
Menkaure, Prince of Dust comes into view.
There is a stone staircase leading up here.
Menkaure hits you!
You die...

### ... ##.. ...#
#..### #.M.#
####@###### #.........#
#############.........#
...ooooo)..{..........#
.############.........#
## #.........#
###########


You could see Menkaure.

Vanquished Creatures
  A black bear (D:6)
  An orc warrior (D:6)
  An ogre (D:4)
  A scorpion (D:4)
  An iguana (D:4)
  Terence (D:3)
  3 gnolls (D:2)
  5 adders
  An ufetubus (D:4)
  3 worms
  An adder skeleton (D:2)
  3 dart slugs
  13 orcs
  3 bats
  9 endoplasms
  4 giant cockroaches
  6 goblins
  8 hobgoblins
  6 kobolds
  A quokka (D:3)
  6 ball pythons
  2 frilled lizards
  6 rats
86 creatures vanquished.

Vanquished Creatures (others)
  11 plants (D:4)
11 creatures vanquished.

Grand Total: 97 creatures vanquished

Notes
Turn   | Place    | Note
-------+----------+-------------------------------------------
     0 | D:1      | NinjaNoafa the Minotaur Monk began the quest for the Orb.
     0 | D:1      | Reached XP level 1. HP: 19/19 MP: 0/0
   373 | D:1      | Reached skill level 1 in Armour
   382 | D:1      | Reached XP level 2. HP: 17/27 MP: 1/1
  1039 | D:2      | Reached XP level 3. HP: 29/33 MP: 2/2
  1923 | D:2      | Reached XP level 4. HP: 29/41 MP: 3/3
  2078 | D:2      | Found a runed translucent door.
  2079 | D:2      | Noticed Crazy Yiuf
  2746 | D:3      | Found a faded altar of an unknown god.
  2881 | D:3      | Noticed Terence
  2891 | D:3      | Killed Terence
  2892 | D:3      | Reached skill level 5 in Fighting
  2892 | D:3      | Reached skill level 5 in Maces & Flails
  2892 | D:3      | Reached XP level 5. HP: 37/48 MP: 4/4
  3112 | D:3      | Found a runed translucent door.
  3236 | D:3      | Found a runed translucent door.
  3241 | D:3      | Noticed Zeld's ghost (amateur GrFi)
  3653 | D:3      | Gained mutation: Your movements are slightly less
                  | encumbered by armour. (ER -2) [potion of mutation]
  4011 | D:4      | Reached XP level 6. HP: 56/56 MP: 5/5
  4215 | D:4      | Found a runed translucent door.
  4223 | D:4      | Noticed AlmostDecent's ghost (amateur OgBe)
  4447 | D:4      | Found a blossoming altar of Fedhas.
  4566 | D:4      | You fall into a shaft and drop 2 floors!
  4566 | D:6      | Noticed an orc warrior
  4570 | D:6      | Identified a scroll of acquirement
  4570 | D:6      | Acquired a manual of Long Blades
  4574 | D:6      | Noticed an orc warrior
  4630 | D:6      | Killed an orc warrior
  4631 | D:6      | Reached skill level 5 in Armour
  4631 | D:6      | Reached XP level 7. HP: 16/64 MP: 6/6
  4643 | D:6      | Noticed Menkaure
  4644 | D:6      | Slain by Menkaure

Illustrated notes

Levels and vault maps discovered:
D:1:      onia_arrival_handbag, layout_basic
D:2:      layout_basic, uniq_crazy_yiuf_cottage
D:3:      layout_rooms, ebering_ghost_sewer_f, chequers_ecumenical_altar_island,
          uniq_terence
D:4:      layout_basic, fedhas_altar_decomposition, ebering_ghost_sewer_d
D:6:      layout_rooms, mainiacjoe_overflow_large_starburst, uniq_menkaure

Skill      XL: |  1  2  3  4  5  6 |
---------------+-------------------+-----
Armour         | 1 2 3 5 |  5.0
Fighting       | 4 5 6 |  6.3
Maces & Flails | 4 5 6 |  6.4
Dodging        | |  3.2
Stealth        | |  1.5

Action                   |  1- 3 |  4- 6 |  7- 9 || total
-------------------------+-------+-------+-------++-------
Melee: Mace              |    95 |   107 |       ||   202
       Headbutt          |    15 |    14 |       ||    29
       Punch             |     1 |     1 |       ||     2
       Whip              |       |    12 |     1 ||    13
Throw: Dart              |       |    14 |       ||    14
  Use: Scroll            |       |     5 |       ||     5
       Potion            |       |     5 |       ||     5
Armor: Scale mail        |    38 |    49 |     2 ||    89
       Skin              |       |    37 |     2 ||    39
Dodge: Dodged            |    39 |    92 |     1 ||   132
